 Dungeon Crawl Stone Soup version 0.24.1-8-ga250c9d538 (webtiles) character file.

Game seed: 2183340087295755703, levelgen mode: deterministic

84 Curus the Poker (level 4, -3/33 HPs)
             Began as a Demonspawn Gladiator on Apr 30, 2020.
             Slain by an ice beast (10 damage)
             ... on level 2 of the Dungeon.
             The game lasted 00:06:59 (1046 turns).

Curus the Poker (Demonspawn Gladiator)              Turns: 1046, Time: 00:07:01

Health: -3/33      AC: 14    Str: 14    XL:     4   Next: 24%
Magic:  4/4        EV: 12    Int: 10    God:
Gold:   71         SH:  0    Dex: 15    Spells: 3/3 levels left

rFire    . . .     SeeInvis .   a - +0 trident
rCold    . . .     Gourm    .   (no shield)
rNeg     . . .     Faith    .   b - +0 leather armour
rPois    .         Spirit   .   c - +1 helmet
rElec    .         Reflect  .   (no cloak)
rCorr    .         Harm     .   (no gloves)
MR       .....                  (no boots)
Stlth    +.........             (no amulet)
HPRegen  0.11/turn              (no ring)
MPRegen  0.09/turn              (no ring)

@: sanguine armour, berserk cooldown, slowed, very slow
A: demonic guardian 1, sanguine armour 2
a: no special abilities


You were on level 2 of the Dungeon.
You were hungry.

You visited 1 branch of the dungeon, and saw 4 of its levels.

You collected 71 gold pieces.

Inventory:

Hand Weapons
 a - a +0 trident (weapon)
Missiles
 d - 3 throwing nets (quivered)
Armour
 b - a +0 leather armour (worn)
 c - a +1 helmet (worn)
Scrolls
 e - 2 scrolls of teleportation
 g - a scroll of enchant armour
 h - a scroll of identify
Comestibles
 f - 4 rations


   Skills:
 - Level 2.0 Fighting
 + Level 4.6 Polearms
 - Level 1.7 Throwing
 - Level 2.6 Dodging


You had 3 spell levels left.
You didn't know any spells.
Your spell library was empty.

Dungeon Overview and Level Annotations

Branches:
Dungeon (4/15)
 Temple: D:4-7

Altars:
Cheibriados


Innate Abilities, Weirdness & Mutations

A weak demonic guardian rushes to your aid.
When seriously injured, your bleeding wounds create thick armour. (AC +9)


Message History

The ice beast is moderately wounded.
You hit the ice beast.
The ice beast is moderately wounded.
The ice beast misses you. The ice beast hits you. The ice beast freezes you!
Your blood congeals into armour.
You barely miss the ice beast.
The ice beast is moderately wounded.
The ice beast closely misses you.
You hit the ice beast but do no damage.
The ice beast is moderately wounded.
The ice beast hits you but does no damage.
The ice beast misses you.
You closely miss the ice beast.
The ice beast is moderately wounded.
The ice beast hits you. The ice beast freezes you!
* * * LOW HITPOINT WARNING * * *
The ice beast hits you.
* * * LOW HITPOINT WARNING * * *
The ice beast freezes you!
You die...

### #.. #.# #.# .# #.# .. .#
#.# #.# .# ###########
#Y######.# .#
..........######@.......##.#
#########..................#
....).†....###########..#..###
#########..###########..#<.#..
########..#............#..#.#
#...........#########.##..#.#
#.######..#### #.......#.#
#.######.....#
####.###...#.####
#............# #....#
#.........


You could see an ice beast.

Vanquished Creatures
  4 adders
  An ooze (D:1)
  A worm (D:2)
  3 dart slugs
  An orc (D:3)
  5 bats
  6 goblins
  5 hobgoblins
  3 kobolds
  4 frilled lizards
  5 rats
38 creatures vanquished.

Notes
Turn   | Place    | Note
-------+----------+-------------------------------------------
     0 | D:1      | Curus the Demonspawn Gladiator began the quest for the Orb.
     0 | D:1      | Reached XP level 1. HP: 16/16 MP: 1/1
    29 | D:1      | Reached skill level 3 in Polearms
    48 | D:1      | Found a snail-covered altar of Cheibriados.
    65 | D:1      | Gained mutation: When seriously injured, your bleeding
                  | wounds create armour. (AC +9) [demonic ancestry]
    65 | D:1      | Reached XP level 2. HP: 15/22 MP: 2/2
   418 | D:2      | Reached skill level 4 in Polearms
   418 | D:2      | Gained mutation: A weak demonic guardian rushes to your
                  | aid. [demonic ancestry]
   418 | D:2      | Reached XP level 3. HP: 27/27 MP: 3/3
   470 | D:2      | You fall into a shaft and drop 2 floors!
   510 | D:4      | HP: 1/27 [poisoned by an adder]
   837 | D:2      | Gained mutation: When seriously injured, your bleeding
                  | wounds create thick armour. (AC +9) [demonic ancestry]
   837 | D:2      | Reached XP level 4. HP: 33/33 MP: 4/4
  1034 | D:2      | Noticed an ice beast
  1046 | D:2      | Slain by an ice beast

Levels and vault maps discovered:
D:1:      tarquinn_simple_flora_water_f, layout_rooms,
          chequers_serial_rivers_micro_c, cheibriados_altar_1
D:2:      layout_loops_ring
D:3:      layout_basic
D:4:      layout_loops_corners, minmay_temple_entry_steel_oval, serial_shops,
          nicolae_shop_stone

Skill      XL: |  1  2 |
---------------+-------+-----
Polearms       | 3 4 |  4.6
Fighting       | |  2.0
Throwing       | |  1.7
Dodging        | |  2.6

Action                   |  1- 3 |  4- 6 || total
-------------------------+-------+-------++-------
Melee: Trident           |   112 |    31 ||   143
  Use: Potion            |     2 |     2 ||     4
       Scroll            |     6 |       ||     6
 Stab: Sleeping          |     1 |       ||     1
Armor: Leather armour    |    26 |     7 ||    33
Dodge: Dodged            |    56 |    15 ||    71
